 Dungeon Crawl Stone Soup version 0.30-a0-424-g7412bad402 (webtiles) character file.

Game seed: 12712215766505648186

166 pokeman the Magician (level 5, 0/29 HPs)
             Began as a Deep Elf Hedge Wizard on Dec 10, 2022.
             Slain by an ufetubus (1 damage)
             ... on level 3 of the Dungeon.
             The game lasted 00:03:57 (2998 turns).

pokeman the Magician (Deep Elf Hedge Wizard)        Turns: 2998, Time: 00:03:57

Health: 0/29       AC:  3    Str:  7    XL:     5   Next: 22%
Magic:  7/15       EV: 12    Int: 21    God:
Gold:   112        SH:  0    Dex: 14    Spells: 5/16 levels left

rFire   . . .      SeeInvis .    s - +4 dagger
rCold   . . .      Faith    .    (no shield)
rNeg    . . .      Spirit   .    t - +0 leather armour
rPois   .          Reflect  .    c - +0 hat
rElec   .          Harm     .    (no cloak)
rCorr   .          Rampage  .    (no gloves)
Will    .....                    (no boots)
Stlth   ++........               (no amulet)
HPRegen 0.24/turn                (no ring)
MPRegen 0.14/turn                (no ring)

@: on blink cooldown
A: no striking features
a: no special abilities


You were on level 3 of the Dungeon.
You visited 1 branch of the dungeon, and saw 4 of its levels.

You collected 112 gold pieces.

Inventory:

Hand Weapons
 s - a +4 dagger (weapon)
Armour
 c - a +0 hat (worn)
 t - a +0 leather armour (worn)
Jewellery
 o - an amulet of faith
Wands
 q - a wand of iceblast (5)
Scrolls
 a - a scroll of immolation {unknown}
 f - a scroll of enchant weapon {unknown}
 g - 4 scrolls of identify {unknown}
 i - 2 scrolls of noise {unknown}
 k - a scroll of magic mapping {unknown}
 n - 2 scrolls of teleportation {unknown}
 r - a scroll of silence {unknown}
Potions
 d - a potion of magic
 e - 4 potions of heal wounds {unknown}
 h - a potion of mutation {unknown}
 j - a potion of cancellation {unknown}
 l - a potion of curing {unknown}
 m - a potion of ambrosia {unknown}
 p - a potion of degeneration {unknown}


   Skills:
 - Level 1.0 Fighting
 - Level 1.0 Armour
 + Level 3.2 Dodging
 + Level 3.2 Stealth
 * Level 6.2 Spellcasting
 + Level 2.5 Conjurations
 - Level 1.1 Summonings
 - Level 1.1 Translocations


You had 5 spell levels left.
You knew the following spells:

 Your Spells              Type           Power      Damage    Failure   Level
a - Magic Dart            Conj           68%        1d6       4%          1
b - Mephitic Cloud        Conj/Pois/Air  10%        N/A       30%         3
c - Call Imp              Summ           11%        N/A       14%         2
d - Blink                 Tloc           22%        N/A       14%         2
e - Hailstorm             Conj/Ice       11%        3d5       26%         3

Your spell library contained the following spells:

 Spells                   Type           Power      Damage    Failure   Level
 Freeze                   Ice            24%        1d4       14%         1
 Slow                     Hex            24%        N/A       14%         1
 Cigotuvi's Dreadful Rot  Necr/Pois/Air  12%        N/A       22%         2
 Poisonous Vapours        Pois/Air       12%        N/A       22%         2
 Frozen Ramparts          Ice            12%        1d2       38%         3
 Anguish                  Hex/Necr       3%         N/A       80%         4
 Enfeeble                 Hex            3%         N/A       100%        7


Dungeon Overview and Level Annotations

Branches:
Dungeon (4/15)
 Temple: D:4-7

Altars:
Elyvilon

Annotations:
D:3 2 transporters, Ahpoh's ghost, amateur GrGl
D:4 Edmund


Message History

The ogre is moderately wounded.
The ufetubus shouts!
The ogre is engulfed in noxious fumes.
The ogre appears confused.
Casting: Magic Dart (safe; 6% risk of failure)
Confirm with . or Enter, or press ? or * to list all spells.
Aiming: Magic Dart (safe; 6% risk of failure)
Press: ? - help, Shift-Dir - straight line, f/p - ogre
Aim: an ogre, wielding a +0 giant club (moderately wounded, confused, 100% to hit)
The magic dart hits the ogre.
The ogre is heavily wounded.
The ogre hits you with a +0 giant club!!
Ouch! That really hurt!
* * * LOW HITPOINT WARNING * * *
An adder comes into view.
The ufetubus attacks as you move away! The ufetubus closely misses you.
The ufetubus barely misses you. The ufetubus closely misses you.
The ufetubus hits you.
* * * LOW HITPOINT WARNING * * *
The ufetubus attacks as you move away! The ufetubus hits you.
* * * LOW HITPOINT WARNING * * *
The ufetubus closely misses you. The ufetubus barely misses you.
The ufetubus hits you but does no damage.
There is a stone staircase leading up here.
The ufetubus misses you.
The ufetubus hits you but does no damage.
You feel a bit more experienced.
Your Dodging skill increases to level 3!
Your Stealth skill increases to level 3!
Your Spellcasting skill increases to level 6!
You have reached level 5!
You climb upwards.
Level annotation: 2 transporters, Ahpoh's ghost, amateur GrGl
There is a stone staircase leading down here.
Casting: Magic Dart (safe; 4% risk of failure)
Confirm with . or Enter, or press ? or * to list all spells.
You blink.
The ufetubus hits you.
* * * LOW HITPOINT WARNING * * *
The ufetubus hits you.
You die...

####.#>#...........)###.#
#
#..........<...###..#...#
#
#.##..##.###.#.###..#.###
##
......................#
#######.
.............#####.##.#
#....... ..###.##.#.###
#.##.# #.#####. ..#
#.##.#.# #.##.# #)# ##
..# #.##.#.#######.##.#
#.# # .##
#.##....##..@5....# #.#
.#
#.............ยง##.####.#
.#
#####...#########......#
.#########.## ########
...........# ############


You could see an ufetubus.

Vanquished Creatures
  An ogre (D:4)
  3 adders
  2 dart slugs
  2 orcs
  4 bats
  4 endoplasms
  3 giant cockroaches
  3 goblins (D:1)
  5 hobgoblins
  6 kobolds
  4 quokkas
  3 ball pythons
  A frilled lizard (D:3)
  3 rats
44 creatures vanquished.

Notes
Turn   | Place    | Note
-------+----------+-------------------------------------------
     0 | D:1      | pokeman the Deep Elf Hedge Wizard began the quest for the
                  | Orb.
     0 | D:1      | Reached XP level 1. HP: 10/10 MP: 7/7
   223 | D:1      | Reached XP level 2. HP: 15/15 MP: 2/9
   877 | D:2      | Reached skill level 5 in Spellcasting
   877 | D:2      | Reached XP level 3. HP: 20/20 MP: 5/11
   881 | D:2      | Learned a level 3 spell: Mephitic Cloud
   884 | D:2      | Learned a level 2 spell: Call Imp
   887 | D:2      | Learned a level 2 spell: Blink
  1204 | D:2      | Reached skill level 1 in Armour
  1411 | D:2      | Found a white marble altar of Elyvilon.
  1555 | D:2      | Reached skill level 1 in Fighting
  1559 | D:2      | Learned a level 3 spell: Hailstorm
  1960 | D:3      | Found a transporter.
  2051 | D:3      | Noticed Ahpoh's ghost (amateur GrGl)
  2331 | D:3      | Found a transporter.
  2664 | D:4      | Reached XP level 4. HP: 13/25 MP: 3/13
  2866 | D:4      | Noticed Edmund
  2981 | D:4      | Noticed an ogre
  2985 | D:4      | HP: 1/25 [ogre/+0 giant club (24)]
  2994 | D:4      | HP: 1/25 [ufetubus (1)]
  2996 | D:4      | Killed an ogre
  2997 | D:4      | Reached skill level 6 in Spellcasting
  2997 | D:4      | Reached XP level 5. HP: 3/29 MP: 9/15
  2998 | D:3      | Slain by an ufetubus

Illustrated notes

Levels and vault maps discovered:
D:1:      minmay_arrival_solitary_statue, layout_basic
D:2:      layout_basic, basic_altar
D:3:      layout_loops_ring, gammafunk_ghost_arena
D:4:      layout_loops_ring, uniq_edmund, uniq_crazy_yiuf_cottage

Skill      XL: |  1  2  3  4 |
---------------+-------------+-----
Spellcasting   | 5 6 |  6.2
Armour         | 1 |  1.0
Fighting       | 1 |  1.0
Conjurations   | 2 |  2.5
Dodging        | 3 |  3.2
Stealth        | 3 |  3.2
Summonings     | |  1.1
Translocations | |  1.1

Action                   |  1- 3 |  4- 6 || total
-------------------------+-------+-------++-------
Melee: Dagger            |     2 |     5 ||     7
 Cast: Magic Dart        |   116 |    13 ||   129
       Mephitic Cloud    |       |     2 ||     2
       Call Imp          |       |     2 ||     2
       Blink             |       |     1 ||     1
Armor: Robe              |     2 |       ||     2
       Leather armour    |     1 |     2 ||     3
Dodge: Dodged            |    12 |    10 ||    22

Table legend: (Time is in decaauts)
 A = Elapsed time spent in this place.
 B = Non-inter-level travel time spent in this place.
 C = Inter-level travel time spent in this place.
 D = Time resting spent in this place.
 E = Time spent auto-exploring this place.
 F = Levels seen in this place.
 G = Mean time per level.
                   A        B        C        D        E       F      G
               +--------+--------+--------+--------+--------+-----+--------+
         Total |   2997 |   2801 |    196 |     52 |   2446 |   4 |  749.2 |
       Dungeon |   2997 |   2801 |    196 |     52 |   2446 |   4 |  749.2 |
               +--------+--------+--------+--------+--------+-----+--------+

Top non-repeatable levels by time:
     D:3: 988 daAuts
     D:2: 954 daAuts
     D:1: 790 daAuts
     D:4: 264 daAuts
